 Dungeon Sprint DCSS version 0.30-a0-534-gdc55766716 (webtiles) character file.

Game seed: 6769757074629543934

60 rocky1 the Cudgeller (level 3, -16/45 HPs)
             Began as a Demonspawn Gladiator on Dec 25, 2022.
             Demolished by a water elemental (20 damage)
             ... in the Dungeon (Sprint III: "The Ten Rune Challenge").
             The game lasted 00:01:18 (207 turns).

rocky1 the Cudgeller (Demonspawn Gladiator)          Turns: 207, Time: 00:01:18

Health: -16/45     AC:  4    Str: 16    XL:     3   Next: 82%
Magic:  3/3        EV: 13    Int:  9    God:
Gold:   21         SH:  0    Dex: 14    Spells: 2/2 levels left

rFire   . . .      SeeInvis .    a - +0 flail
rCold   . . .      Faith    .    (no shield)
rNeg    . . .      Spirit   .    b - +0 leather armour
rPois   .          Reflect  .    c - +0 helmet
rElec   .          Harm     .    (no cloak)
rCorr   .          Rampage  .    (no gloves)
Will    .....      NoTele   +    (no boots) Stlth
                                 (no amulet)
HPRegen 0.27/turn                (no ring)
MPRegen 0.08/turn                (no ring)

@: berserking (expiring), engulfed (cannot breathe), very quick
A: demonic magic 1
a: no special abilities


You were in the Dungeon.
You visited 1 branch You collected 21 gold pieces.

Inventory:

Hand Weapons
 a - a +0 flail (weapon)
Missiles
 d - 2 throwing nets (quivered)
 e - a javelin
Armour
 b - a +0 leather armour (worn)
 c - a +0 helmet (worn)
Wands
 m - a wand of flame (15)
Scrolls
 k - a scroll of blinking
 l - 3 scrolls of identify {unknown}
 n - a scroll of poison {unknown}
 p - a scroll of immolation {unknown}
Potions
 f - a potion of curing
 g - a potion of heal wounds
 h - a potion of haste
 i - 2 potions of magic
 o - 4 potions of flight
 q - 6 potions of mutation


   Skills:
 + Level 4.1 Fighting
 * Level 5.4 Maces & Flails
 - Level 1.7 Throwing
 + Level 4.3 Dodging
 + Level 0.9 Evocations


You had 2 spell levels left.
You didn't know any spells.
Your spell library was empty.

Dungeon Overview and Level Annotations

Branches:
Dungeon (1/1)

Altars:


Innate Abilities, Weirdness & Mutations

Spells you cast may paralyse adjacent enemies.


Message History

o - 4 potions of flight (gained 2)
Things that are here:
a potion of mutation; 2 potions of mutation You now have 21 gold pieces (gained 9).
Things that are here:
a potion of mutation; 2 potions of mutation
q - a potion of mutation;
q - 3 potions of mutation (gained 2)
q - 4 potions of mutation (gained 1);
q - 6 potions of mutation (gained 2)
There is an open door here.
You open the door.
A water elemental comes into view.
A red film seems to cover your vision as you go berserk!
You feel yourself moving faster!
You feel mighty!
You barely miss the water elemental. The water elemental hits you!
The water elemental engulfs you in water!
You thump the water elemental!
The water elemental is moderately damaged.
Your lungs strain for air!
The water elemental hits you!
You barely miss the water elemental.
The water elemental is moderately damaged.
Your lungs strain for air!
You barely miss the water elemental.
The water elemental is moderately damaged.
Your lungs strain for air!
The water elemental barely misses you.
You barely miss the water elemental.
The water elemental is moderately damaged.
Your lungs strain for air!
The water elemental barely misses you.
You sock the water elemental!
The water elemental is severely damaged.
* * * LOW HITPOINT WARNING * * *
Your lungs strain for air!
You closely miss the water elemental.
The water elemental is severely damaged.
* * * LOW HITPOINT WARNING * * *
Your lungs strain for air!
The water elemental hits you!!
You die...

▓▓▓▓▓▓▓▓ ▓▓▓ <..#...####
##.# ...#......#####..#
..##....†..#..#..#
##.##.##...#..#..# #+#+#
##.##.###..##'#..#......
#.####.##..###..@E.⌠....
.###..##..####...#...###
#.....##).###..†.# ⌠.#
###..##...##.....# .#
##..##....#......# #
#..###..##.#.....# #..#
#..#####....# ▓▓▓▓ ▓▓▓▓
▓▓▓▓▓▓


You could see a water elemental.

Vanquished Creatures
  Jessica (D)
  A human (D)
  A wolf (D)
  An endoplasm (D)
  2 rats (D)
6 creatures vanquished.

Notes
Turn   | Place    | Note
-------+----------+-------------------------------------------
     0 | D        | rocky1 the Demonspawn Gladiator began the quest for the
                  | Orb.
     0 | D        | Reached XP level 1. HP: 16/16 MP: 1/1
    13 | D        | Reached skill level 3 in Maces & Flails
    38 | D        | Noticed Jessica
    43 | D        | Killed Jessica
    44 | D        | Reached skill level 4 in Maces & Flails
    44 | D        | Gained mutation: Spells you cast may paralyse adjacent
                  | enemies. [demonic ancestry]
    44 | D        | Reached XP level 2. HP: 19/24 MP: 2/2
    44 | D        | Reached XP level 3. HP: 24/29 MP: 3/3
    91 | D        | Reached skill level 5 in Maces & Flails
   199 | D        | Noticed a water elemental
   207 | D        | Demolished by a water elemental

Illustrated notes

Levels and vault maps discovered:
D:        dungeon_sprint_mu [sprint_mu_entry_cave, sprint_mu_temple_rooms,
          sprint_mu_d1_spiders, sprint_mu_d2_genie, sprint_mu_d3_branching,
          sprint_mu_orc_legion, sprint_mu_elf_gauntlet, sprint_mu_hive_nellie,
          sprint_mu_lair_fedhas, sprint_mu_vaults_butterflies,
          sprint_mu_slime_circle, sprint_mu_shoals_kraken,
          sprint_mu_snake_twists, sprint_mu_blade_basic, sprint_mu_crypt_lich,
          sprint_mu_tomb_spiral, sprint_mu_vestibule_basic,
          sprint_mu_gehenna_hellfire, sprint_mu_dis_giant,
          sprint_mu_tartarus_statrot, sprint_mu_cocytus_islands, sprint_mu_zot1]

Skill      XL: |  1  2  3 |
---------------+----------+-----
Maces & Flails | 4 5 |  5.4
Dodging        | 3 4 |  4.3
Fighting       | 3 4 |  4.1
Throwing       | |  1.7
Evocations     | |  0.9

Action                   || total
-------------------------++-------
Melee: Flail             ||    29
Throw: Throwing net      ||     5
  Use: Potion            ||     1
 Stab: Sleeping          ||     1
Armor: Leather armour    ||     6
Dodge: Dodged            ||    12

Table legend: (Time is in decaauts)
 A = Elapsed time spent in this place.
 B = Non-inter-level travel time spent in this place.
 C = Inter-level travel time spent in this place.
 D = Time resting spent in this place.
 E = Time spent auto-exploring this place.
 F = Levels seen in this place.
 G = Mean time per level.
                   A        B        C        D        E       F      G
               +--------+--------+--------+--------+--------+-----+--------+
         Total |    209 |    209 |      0 |     59 |     50 |   1 |  209.0 |
       Dungeon |    209 |    209 |      0 |     59 |     50 |   1 |  209.0 |
               +--------+--------+--------+--------+--------+-----+--------+

Top non-repeatable levels by time:
       D: 209 daAuts
